 Dungeon Crawl Stone Soup version 0.27-a0-223-ge082b6e869 (webtiles) character file.

Game seed: 17044482159986068373

505 dolemite99 the Twirler (level 6, -7/66 HPs)
             Began as a Demonspawn Gladiator on Feb 2, 2021.
             Mangled by a two-headed ogre
             ... wielding a +0 dire flail of protection
              (10 damage)
             ... on level 5 of the Dungeon.
             The game lasted 00:05:38 (4476 turns).

dolemite99 the Twirler (Demonspawn Gladiator)       Turns: 4476, Time: 00:05:38

Health: -7/66      AC: 23    Str: 22    XL:     6   Next: 96%
Magic:  6/6        EV:  2    Int: 14    God:
Gold:   317        SH:  0    Dex: 13    Spells: 5/5 levels left

rFire    + . .     SeeInvis .   a - +0 quarterstaff
rCold    . . .     Faith    .   (shield currently unavailable)
rNeg     + + +     Spirit   .   (armour currently unavailable)
rPois    +         Reflect  .   (helmet currently unavailable)
rElec    .         Harm     .   (cloak currently unavailable)
rCorr    .         Rampage  .   (gloves currently unavailable)
Will     .....     NoTele   +   (boots currently unavailable)
Stlth    +.........             (no amulet)
HPRegen  0.21/turn              u - ring of protection from fire
MPRegen  0.10/turn              J - ring of Darkness {+Fly Str+6 Int+5 Dex-2}

@: tree-form, studying Necromancy
A: powered by pain 1
a: no special abilities


You were on level 5 of the Dungeon.
You were a tree.
You visited 1 branch of the dungeon, and saw 7 of its levels.

You collected 317 gold pieces.

Inventory:

Hand Weapons
 a - a +0 quarterstaff (weapon)
 E - a +0 dagger of venom
Missiles
 d - 2 throwing nets
 m - 124 stones
 p - 36 bolts
 q - 65 arrows
 r - 37 poisoned darts (quivered)
 z - 87 sling bullets
Armour
 b - a +0 leather armour
 c - a +0 helmet (melded)
 y - a +0 ring mail
 B - a +0 scale mail
 D - a +1 scale mail of positive energy
 F - a +0 chain mail (melded)
Jewellery
 e - a cursed amulet of inaccuracy {unknown}
 j - an uncursed ring of protection from fire
 u - a ring of protection from fire (left branch)
 v - an uncursed ring of see invisible
 J - the ring of Darkness (right branch) {+Fly Str+6 Int+5 Dex-2}
   (You found it on level 5 of the Dungeon)

   [ring of strength]

   It affects your strength (+6).
   It affects your intelligence (+5).
   It affects your dexterity (-2).
   It lets you fly.
Scrolls
 f - 2 scrolls of random uselessness {unknown}
 h - a scroll of enchant weapon {unknown}
 i - 4 scrolls of identify {@r1}
 l - 2 scrolls of amnesia {unknown}
 n - a scroll of enchant armour {unknown}
 o - a scroll of magic mapping {unknown}
 s - a scroll of blinking {unknown}
 t - a scroll of teleportation {unknown}
 w - a scroll of noise {unknown}
 x - 2 scrolls of remove curse {unknown}
 C - a scroll of immolation {unknown}
 I - a scroll of fog
Potions
 k - 2 potions of curing
 A - a potion of degeneration
 H - a potion of attraction
Books
 K - a manual of Necromancy


   Skills:
 - Level 2.0 Fighting
 + Level 7.3 Staves
 - Level 1.7 Throwing
 - Level 2.6 Dodging


You had 5 spell levels left.
You didn't know any spells.
Your spell library was empty.

Dungeon Overview and Level Annotations

Branches:
Dungeon (7/15)
 Temple: D:4-7

Altars:


Innate Abilities, Weirdness & Mutations

You sometimes gain a little power by taking damage.
((You are partially covered in sharp spines.))
((When seriously injured, your bleeding wounds create armour. (AC +0)))


Message History

The two-headed ogre hits you with a +0 dire flail of protection!
The two-headed ogre hits you but does no damage.
You closely miss the two-headed ogre.
The two-headed ogre is heavily wounded.
The two-headed ogre hits you but does no damage. x2
You hit the two-headed ogre but do no damage.
The two-headed ogre is heavily wounded.
The two-headed ogre hits you but does no damage.
The two-headed ogre hits you with a +0 giant club.
You hit the two-headed ogre.
The two-headed ogre is heavily wounded.
The two-headed ogre looks more healthy.
The two-headed ogre hits you but does no damage.
The two-headed ogre hits you with a +0 giant club!!
* * * LOW HITPOINT WARNING * * *
You hit the two-headed ogre but do no damage.
The two-headed ogre is heavily wounded.
The two-headed ogre hits you but does no damage.
The two-headed ogre hits you with a +0 giant club!
You die...

##############
##............#
...####.##.##.#
####
#.##.##.#####
##
#.##......♣.#
.#
#.#####.###O#
.# #.......# .#
.# ######### .#
.# .. .# .. .#
(.. .# ...
##### ##### ##
#≈≈≈###≈≈≈#


You could see a two-headed ogre.

Vanquished Creatures
  A phantom (D:5)
  A scorpion (D:4)
  A jelly (D:3)
  An orc priest (D:3)
  A bullfrog skeleton (D:5)
  A hound (D:5)
  Terence (D:3)
  A worker ant (D:4)
  A worker ant zombie (D:5)
  4 gnolls
  An adder (D:5)
  2 howler monkey skeletons (D:4)
  2 white imps (D:5)
  An ooze (D:4)
  2 worms
  A dart slug (D:3)
  3 leopard geckos
  14 orcs
  10 bats
  8 giant cockroaches
  5 goblins
  7 hobgoblins
  9 jackals
  A quokka (D:5)
  3 frilled lizards
  A giant cockroach zombie (D:5)
  11 kobolds
  5 rats
99 creatures vanquished.

Notes
Turn   | Place    | Note
-------+----------+-------------------------------------------
     0 | D:1      | dolemite99 the Demonspawn Gladiator began the quest for the
                  | Orb.
     0 | D:1      | Reached XP level 1. HP: 16/16 MP: 1/1
    77 | D:1      | Reached skill level 3 in Staves
   175 | D:1      | Gained mutation: You are partially covered in sharp spines.
                  | [demonic ancestry]
   175 | D:1      | Reached XP level 2. HP: 22/22 MP: 2/2
   857 | D:2      | Gained mutation: When seriously injured, your bleeding
                  | wounds create armour. (AC +0) [demonic ancestry]
   857 | D:2      | Reached XP level 3. HP: 19/27 MP: 3/3
  1121 | D:3      | Reached skill level 4 in Staves
  1255 | D:3      | You fall into a shaft and drop 1 floor!
  1328 | D:3      | Reached XP level 4. HP: 17/33 MP: 4/4
  1736 | D:3      | Noticed Terence
  1772 | D:3      | Killed Terence
  1773 | D:3      | Reached skill level 5 in Staves
  1943 | D:3      | Gained mutation: You sometimes gain a little power by
                  | taking damage. [demonic ancestry]
  1943 | D:3      | Reached XP level 5. HP: 38/38 MP: 5/5
  2815 | D:4      | Reached skill level 6 in Staves
  3351 | D:4      | Reached XP level 6. HP: 44/44 MP: 6/6
  3664 | D:4      | You fall into a shaft and drop 3 floors!
  3682 | D:5      | Entered Level 5 of the Dungeon
  3855 | D:5      | Reached skill level 7 in Staves
  4113 | D:5      | Got a faintly glowing amber ring
  4115 | D:5      | Identified the ring of Darkness {+Fly Str+6 Int+5 Dex-2}
                  | (You found it on level 5 of the Dungeon)
  4457 | D:5      | Noticed a two-headed ogre
  4475 | D:5      | HP: 3/66 [two-headed ogre/+0 dire flail of protection (20)]
  4476 | D:5      | Mangled by a two-headed ogre

Illustrated notes

Levels and vault maps discovered:
D:1:      scummos_arrival_forest, layout_loops_ring
D:2:      layout_rooms
D:3:      layout_basic, ebering_dispersal_statue_hall, uniq_terence
D:4:      layout_loops_ring, minmay_cut_off
D:5:      layout_loops_cross, minmay_manual_mullet, uniq_ijyb
D:6:      layout_basic, minmay_temple_entry_stoned_glass, uniq_menkaure
D:7:      layout_cave_pools, uniq_harold, uniq_crazy_yiuf_cottage

Skill      XL: |  1  2  3  4  5  6 |
---------------+-------------------+-----
Staves         | 3 4 5 6 7 |  7.3
Fighting       | |  2.0
Throwing       | |  1.7
Dodging        | |  2.6

Action                   |  1- 3 |  4- 6 || total
-------------------------+-------+-------++-------
Melee: Quarterstaff      |    68 |   155 ||   223
Throw: Throwing net      |     6 |       ||     6
       Dart              |    14 |    39 ||    53
  Use: Scroll            |     1 |     4 ||     5
       Potion            |       |     3 ||     3
 Stab: Held in net/web   |     1 |       ||     1
Armor: Leather armour    |    20 |     1 ||    21
       Ring mail         |       |     6 ||     6
       Scale mail        |       |    11 ||    11
       Chain mail        |       |    43 ||    43
       Skin              |       |    12 ||    12
Dodge: Dodged            |    42 |    49 ||    91

Table legend: (Time is in decaauts)
 A = Elapsed time spent in this place.
 B = Non-inter-level travel time spent in this place.
 C = Inter-level travel time spent in this place.
 D = Time resting spent in this place.
 E = Time spent auto-exploring this place.
 F = Levels seen in this place.
 G = Mean time per level.
                   A        B        C        D        E       F      G
               +--------+--------+--------+--------+--------+-----+--------+
         Total |   4492 |   4453 |     39 |   1654 |   1757 |   7 |  641.7 |
       Dungeon |   4492 |   4453 |     39 |   1654 |   1757 |   7 |  641.7 |
               +--------+--------+--------+--------+--------+-----+--------+

Top non-repeatable levels by time:
     D:3: 1447 daAuts
     D:4: 1153 daAuts
     D:5: 803 daAuts
     D:1: 618 daAuts
     D:2: 452 daAuts
     D:7: 11 daAuts
     D:6: 5 daAuts
